General information
- name: BNet
- type: Ladder team game (AT/RT)
- host: Battle.net
- saver: i-got-3-nippIes
map: Mur'gulOasis
- players: 8
- length: 62:21
- speed: Fast
- version: 1.26 W3XP
- replay type: Public
» download(339 KB)
Players
team 1 (loser)

»
towndrunk (
orange | 62 APM | 1941 actions | 31:11)
6 Demon Hunter
3 Evasion
1 Mana Burn
1 Immolation
1 Metamorphosis
3 Keeper of the Grove
1 Entangling Roots
2 Thorns Aura
» actions
| Assign group hotkey | 42 | |
| Basic commands | 232 | |
| Build / train | 63 | |
| Enter build submenu | 19 | |
| Enter hero's abilities submenu | 9 | |
| Give item / drop item | 4 | |
| Remove unit from queue | 1 | |
| Right click | 814 | |
| Select / deselect | 306 | |
| Select group hotkey | 361 | |
| Use ability | 89 | |
1941 total
» units
| Wisp | 13 | |
| Archer | 4 | |
| Huntress | 11 | |
| Glaive Thrower | 4 | |
32 total
» upgrades
| Strength of the Moon | 3 | |
| Moon Armor | 3 | |
| Vorpal Blades | 2 | |
| Upgrade Moon Glaive | 1 | |
| Improved Bows | 1 | |
| Marksmanship | 1 | |
11 total
» buildings
| Altar of Elders | 1 | |
| Moon Well | 11 | |
| Ancient of War | 2 | |
| Ancient of Wonders | 1 | |
| Hunter's Hall | 1 | |
| Tree of Ages | 1 | |
| Ancient Protector | 1 | |
| Tree of Eternity | 1 | |
| Tree of Life | 1 | |
20 total
» build order
00:18 Altar of Elders
00:33 Moon Well
00:48 Ancient of War
01:37 Moon Well
01:51 Ancient of Wonders
02:33 Moon Well
02:43 Hunter's Hall
03:43 Moon Well
03:51 Tree of Ages
04:17 Ancient Protector
04:48 Moon Well
05:36 Ancient of War
06:08 Moon Well
07:07 Moon Well
09:13 Moon Well
11:58 Moon Well
12:50 Tree of Eternity
12:58 Moon Well
21:27 Moon Well
21:45 Tree of Life
» items
| Scroll of Town Portal | 2 | |
| Potion of Lesser Invulnerability | 1 | |
| Orb of Venom | 1 | |
| Scroll of Regeneration | 1 | |
| Potion of Healing | 1 | |
6 total
DeathTakesLast (
green | 35 APM | 1154 actions | 32:45)
6 Paladin
3 Holy Light
2 Divine Shield
1 Resurrection
» actions
| Basic commands | 131 | |
| Build / train | 76 | |
| Enter build submenu | 34 | |
| Enter hero's abilities submenu | 6 | |
| Remove unit from queue | 8 | |
| Right click | 280 | |
| Select / deselect | 491 | |
| Use ability | 128 | |
1154 total
» units
| Peasant | 17 | |
| Footman | 6 | |
| Mur'gul Snarecaster | 2 | |
| Knight | 5 | |
| Priest | 7 | |
| Flying Machine | 7 | |
44 total
» upgrades
| Defend | 1 | |
| Masonry | 1 | |
| Lumber Harvesting | 1 | |
| Priest Training | 2 | |
| Swords | 1 | |
| Plating | 1 | |
| Animal War Training | 1 | |
| Flying Machine Bombs | 0 | |
| Flak Cannons | 1 | |
| Gunpowder | 1 | |
10 total
» buildings
| Altar of Kings | 1 | |
| Farm | 10 | |
| Barracks | 2 | |
| Scout Tower | 19 | |
| Arcane Tower | 1 | |
| Arcane Vault | 1 | |
| Keep | 1 | |
| Lumber Mill | 1 | |
| Castle | 1 | |
| Arcane Sanctum | 1 | |
| Blacksmith | 1 | |
| Guard Tower | 4 | |
| Town Hall | 3 | |
| Workshop | 2 | |
48 total
» build order
00:10 Altar of Kings
00:21 Farm
00:27 Barracks
01:01 Scout Tower
01:36 Farm
02:21 Farm
02:47 Arcane Tower
03:04 Barracks
03:22 Arcane Vault
04:19 Farm
05:35 Keep
05:45 Scout Tower
05:47 Scout Tower
05:56 Lumber Mill
07:06 Scout Tower
07:30 Farm
07:38 Scout Tower
08:01 Castle
08:09 Arcane Sanctum
08:19 Blacksmith
08:24 Scout Tower
09:09 Guard Tower
09:15 Farm
09:21 Scout Tower
10:05 Guard Tower
10:05 Guard Tower
10:13 Farm
11:40 Farm
12:36 Scout Tower
13:19 Guard Tower
13:22 Farm
16:22 Scout Tower
16:23 Scout Tower
16:25 Scout Tower
16:27 Scout Tower
16:28 Scout Tower
16:32 Scout Tower
16:43 Town Hall
20:40 Workshop
20:53 Workshop
22:03 Farm
22:20 Town Hall
22:27 Scout Tower
22:28 Scout Tower
22:29 Scout Tower
22:30 Scout Tower
22:32 Scout Tower
25:51 Town Hall
» items
| Lesser Clarity Potion | 3 | |
| Scroll of Regeneration | 1 | |
4 total
Wrathful (
pink | 72 APM | 4463 actions | 62:18)
10 Blademaster
3 Wind Walk
3 Critical Strike
1 Bladestorm
3 Mirror Image
» actions
| Assign group hotkey | 331 | |
| Basic commands | 253 | |
| Build / train | 105 | |
| Enter build submenu | 95 | |
| Enter hero's abilities submenu | 10 | |
| Give item / drop item | 6 | |
| Remove unit from queue | 2 | |
| Right click | 2382 | |
| Select / deselect | 644 | |
| Select group hotkey | 286 | |
| Use ability | 349 | |
4463 total
» units
» upgrades
| Pillage | 1 | |
| Armor | 3 | |
| Berserker Strength | 1 | |
| Ranged Weapons | 3 | |
| Spiked Barricades | 3 | |
| Reinforced Defenses | 1 | |
| Envenomed Spears | 1 | |
13 total
» buildings
| Orc Burrow | 6 | |
| Altar of Storms | 1 | |
| Barracks | 1 | |
| Voodoo Lounge | 2 | |
| Stronghold | 1 | |
| War Mill | 2 | |
| Beastiary | 5 | |
| Watch Tower | 95 | |
| Great Hall | 3 | |
| Fortress | 1 | |
117 total
» build order
00:45 Orc Burrow
00:52 Altar of Storms
00:55 Barracks
01:20 Orc Burrow
01:34 Voodoo Lounge
03:49 Stronghold
04:50 Orc Burrow
04:52 War Mill
04:53 Orc Burrow
06:11 Beastiary
06:12 Beastiary
11:57 Watch Tower
12:06 Watch Tower
12:31 Watch Tower
12:34 Watch Tower
12:42 Watch Tower
14:08 Watch Tower
14:08 Watch Tower
14:09 Watch Tower
14:09 Watch Tower
14:10 Watch Tower
15:00 Great Hall
16:03 Watch Tower
16:04 Watch Tower
16:04 Watch Tower
16:05 Watch Tower
16:06 Watch Tower
16:54 Great Hall
17:24 Watch Tower
17:25 Watch Tower
17:25 Watch Tower
17:25 Watch Tower
18:09 Watch Tower
18:10 Watch Tower
18:12 Watch Tower
19:45 War Mill
19:52 Fortress
23:00 Orc Burrow
23:01 Orc Burrow
25:10 Watch Tower
25:11 Watch Tower
25:11 Watch Tower
25:13 Watch Tower
26:16 Beastiary
26:17 Beastiary
26:17 Beastiary
26:19 Watch Tower
26:20 Watch Tower
26:21 Watch Tower
26:21 Watch Tower
26:21 Watch Tower
26:22 Watch Tower
26:22 Watch Tower
26:23 Watch Tower
32:21 Watch Tower
32:22 Watch Tower
32:22 Watch Tower
32:22 Watch Tower
32:23 Watch Tower
36:30 Voodoo Lounge
36:33 Watch Tower
36:39 Watch Tower
36:40 Watch Tower
36:42 Watch Tower
36:49 Watch Tower
36:50 Watch Tower
36:52 Watch Tower
36:52 Watch Tower
44:09 Great Hall
44:27 Watch Tower
44:27 Watch Tower
44:28 Watch Tower
44:28 Watch Tower
44:28 Watch Tower
44:29 Watch Tower
44:30 Watch Tower
44:30 Watch Tower
45:51 Watch Tower
45:52 Watch Tower
45:52 Watch Tower
45:53 Watch Tower
48:03 Watch Tower
48:03 Watch Tower
48:03 Watch Tower
48:04 Watch Tower
48:04 Watch Tower
48:05 Watch Tower
48:06 Watch Tower
48:08 Watch Tower
48:08 Watch Tower
48:08 Watch Tower
48:09 Watch Tower
48:10 Watch Tower
48:10 Watch Tower
48:11 Watch Tower
48:12 Watch Tower
48:13 Watch Tower
48:42 Watch Tower
48:42 Watch Tower
48:42 Watch Tower
48:42 Watch Tower
48:43 Watch Tower
48:43 Watch Tower
48:43 Watch Tower
48:43 Watch Tower
48:44 Watch Tower
48:45 Watch Tower
48:45 Watch Tower
48:45 Watch Tower
48:46 Watch Tower
49:16 Watch Tower
49:17 Watch Tower
49:17 Watch Tower
49:18 Watch Tower
49:19 Watch Tower
49:20 Watch Tower
» items
| Healing Salve | 7 | |
| Boots of Speed | 1 | |
| Lesser Clarity Potion | 5 | |
| Potion of Mana | 3 | |
| Scroll of Town Portal | 3 | |
| Staff of Teleportation | 1 | |
| Orb of Lightning | 1 | |
| Potion of Healing | 2 | |
23 total

»
arkano314 (
blue | 28 APM | 1775 actions | 62:18)
5 Warden
1 Fan of Knives
3 Shadow Strike
1 Blink
3 Keeper of the Grove
2 Entangling Roots
1 Thorns Aura
» actions
| Basic commands | 8 | |
| Build / train | 65 | |
| Enter build submenu | 20 | |
| Enter hero's abilities submenu | 8 | |
| Give item / drop item | 1 | |
| Remove unit from queue | 2 | |
| Right click | 1148 | |
| Select / deselect | 386 | |
| Use ability | 137 | |
1775 total
» units
| Wisp | 14 | |
| Archer | 3 | |
| Druid of the Claw | 9 | |
| Dryad | 7 | |
| Hippogryph | 6 | |
| Chimaera | 1 | |
40 total
» upgrades
| Druid of the Claw Training | 2 | |
| Abolish Magic | 1 | |
| Strength of the Wild | 2 | |
| Mark of the Claw | 1 | |
| Reinforced Hides | 3 | |
9 total
» buildings
| Altar of Elders | 1 | |
| Moon Well | 6 | |
| Ancient of War | 1 | |
| Tree of Ages | 1 | |
| Tree of Eternity | 1 | |
| Hunter's Hall | 1 | |
| Ancient of Wonders | 1 | |
| Ancient of Lore | 2 | |
| Tree of Life | 1 | |
| Ancient of Wind | 2 | |
| Chimaera Roost | 2 | |
| Town Hall | 1 | |
| Scout Tower | 1 | |
21 total
» build order
03:50 Altar of Elders
03:57 Moon Well
05:02 Ancient of War
05:33 Moon Well
05:44 Tree of Ages
06:55 Moon Well
07:16 Moon Well
08:10 Tree of Eternity
08:17 Hunter's Hall
08:26 Ancient of Wonders
09:27 Ancient of Lore
10:22 Ancient of Lore
12:56 Moon Well
16:01 Moon Well
20:49 Tree of Life
23:45 Ancient of Wind
23:51 Ancient of Wind
26:58 Chimaera Roost
27:03 Chimaera Roost
35:53 Town Hall
35:59 Scout Tower
» items
team 2 (winner)
Turion (
teal | 58 APM | 1223 actions | 21:13)
5 Death Knight
3 Death Coil
2 Unholy Aura
3 Lich
2 Frost Nova
1 Dark Ritual
» actions
| Assign group hotkey | 32 | |
| Basic commands | 183 | |
| Build / train | 57 | |
| ESC pressed | 7 | |
| Enter build submenu | 14 | |
| Enter hero's abilities submenu | 8 | |
| Right click | 346 | |
| Select / deselect | 323 | |
| Select group hotkey | 150 | |
| Use ability | 103 | |
1223 total
» units
| Acolyte | 10 | |
| Ghoul | 4 | |
| Crypt Fiend | 10 | |
| Obsidian Statue | 1 | |
| Gargoyle | 1 | |
26 total
» upgrades
| Unholy Armor | 1 | |
| Creature Attack | 1 | |
| Web | 1 | |
| Creature Carapace | 1 | |
| Burrow | 1 | |
5 total
» buildings
| Crypt | 2 | |
| Ziggurat | 4 | |
| Altar of Darkness | 1 | |
| Tomb of Relics | 1 | |
| Graveyard | 2 | |
| Halls of the Dead | 2 | |
| Slaughterhouse | 1 | |
| Spirit Tower | 2 | |
15 total
» build order
00:04 Crypt
00:06 Ziggurat
00:33 Altar of Darkness
00:54 Tomb of Relics
01:23 Graveyard
02:02 Ziggurat
03:21 Halls of the Dead
03:22 Halls of the Dead
04:04 Ziggurat
04:53 Ziggurat
06:57 Slaughterhouse
10:06 Crypt
10:08 Graveyard
13:06 Spirit Tower
» items
| Rod of Necromancy | 3 | |
| Dust of Appearance | 1 | |
| Scroll of Regeneration | 1 | |
| Lesser Clarity Potion | 1 | |
6 total

»
no_triple_jelly (
yellow | 59 APM | 3029 actions | 51:09)
7 Lich
3 Frost Nova
2 Dark Ritual
1 Death and Decay
1 Frost Armor
5 Death Knight
3 Death Coil
1 Death Pact
1 Animate Dead
» actions
| Assign group hotkey | 82 | |
| Basic commands | 188 | |
| Build / train | 82 | |
| Enter build submenu | 21 | |
| Enter hero's abilities submenu | 14 | |
| Give item / drop item | 2 | |
| Remove unit from queue | 1 | |
| Right click | 1265 | |
| Select / deselect | 562 | |
| Select group hotkey | 656 | |
| Use ability | 155 | |
3029 total
» units
| Acolyte | 8 | |
| Ghoul | 9 | |
| Necromancer | 13 | |
| Abomination | 5 | |
| Crypt Fiend | 4 | |
39 total
» upgrades
| Unholy Armor | 2 | |
| Unholy Strength | 2 | |
| Cannibalize | 1 | |
| Necromancer Training | 2 | |
| Skeletal Mastery | 1 | |
| Disease Cloud | 1 | |
| Web | 1 | |
| Skeletal Longevity | 1 | |
| Burrow | 1 | |
12 total
» buildings
| Crypt | 2 | |
| Altar of Darkness | 1 | |
| Ziggurat | 6 | |
| Tomb of Relics | 1 | |
| Graveyard | 1 | |
| Halls of the Dead | 1 | |
| Nerubian Tower | 1 | |
| Black Citadel | 1 | |
| Temple of the Damned | 1 | |
| Slaughterhouse | 2 | |
| Spirit Tower | 1 | |
18 total
» build order
00:08 Crypt
00:11 Altar of Darkness
00:15 Crypt
00:35 Ziggurat
01:26 Ziggurat
01:41 Tomb of Relics
02:10 Graveyard
02:53 Ziggurat
03:57 Halls of the Dead
05:09 Ziggurat
05:12 Nerubian Tower
05:39 Ziggurat
07:24 Black Citadel
07:29 Temple of the Damned
08:26 Slaughterhouse
09:55 Slaughterhouse
15:36 Spirit Tower
16:08 Ziggurat
» items
| Rod of Necromancy | 2 | |
| Lesser Clarity Potion | 1 | |
| Boots of Speed | 1 | |
| Scroll of Town Portal | 3 | |
| Scroll of Healing | 1 | |
| Potion of Lesser Invulnerability | 2 | |
| Dust of Appearance | 1 | |
11 total
i-got-3-nippIes (
red | 48 APM | 3014 actions | 62:21)
7 Dark Ranger
3 Black Arrow
3 Silence
1 Charm
» actions
| Assign group hotkey | 51 | |
| Basic commands | 72 | |
| Build / train | 59 | |
| Enter build submenu | 27 | |
| Enter hero's abilities submenu | 7 | |
| Give item / drop item | 1 | |
| Right click | 1251 | |
| Select / deselect | 318 | |
| Select group hotkey | 1093 | |
| Use ability | 135 | |
3014 total
» units
| Peon | 10 | |
| Grunt | 3 | |
| Wind Rider | 6 | |
| Raider | 2 | |
| Wisp | 5 | |
26 total
» upgrades
| Reinforced Defenses | 1 | |
| Envenomed Spears | 1 | |
| Ranged Weapons | 1 | |
| Armor | 2 | |
| Ensnare | 1 | |
| Melee Weapons | 2 | |
8 total
» buildings
| Altar of Storms | 1 | |
| Orc Burrow | 7 | |
| Barracks | 1 | |
| Voodoo Lounge | 2 | |
| Stronghold | 1 | |
| War Mill | 1 | |
| Watch Tower | 28 | |
| Fortress | 1 | |
| Beastiary | 3 | |
| Great Hall | 1 | |
| Tree of Life | 3 | |
49 total
» build order
00:09 Altar of Storms
00:18 Orc Burrow
00:39 Barracks
01:27 Orc Burrow
01:57 Voodoo Lounge
03:07 Stronghold
03:47 War Mill
04:27 Orc Burrow
04:28 Orc Burrow
05:16 Watch Tower
05:17 Watch Tower
05:18 Watch Tower
05:18 Watch Tower
05:19 Watch Tower
05:48 Watch Tower
06:15 Watch Tower
06:56 Fortress
07:57 Beastiary
08:02 Beastiary
08:12 Beastiary
08:20 Orc Burrow
08:21 Orc Burrow
11:08 Orc Burrow
11:12 Watch Tower
11:13 Watch Tower
11:13 Watch Tower
14:28 Watch Tower
14:29 Watch Tower
15:42 Watch Tower
15:42 Watch Tower
15:43 Watch Tower
16:59 Watch Tower
17:00 Watch Tower
17:00 Watch Tower
17:00 Watch Tower
18:14 Watch Tower
18:14 Watch Tower
18:14 Watch Tower
30:40 Great Hall
34:18 Watch Tower
34:19 Watch Tower
34:19 Watch Tower
34:21 Watch Tower
36:45 Voodoo Lounge
36:48 Watch Tower
36:48 Watch Tower
39:45 Tree of Life
40:44 Tree of Life
57:46 Tree of Life
» items
| Healing Salve | 3 | |
| Staff of Teleportation | 1 | |
| Scroll of Town Portal | 5 | |
| Potion of Lesser Invulnerability | 1 | |
| Scroll of Healing | 1 | |
| Lesser Clarity Potion | 1 | |
| Orb of Lightning | 1 | |
| Potion of Healing | 1 | |
| Staff of Sanctuary | 1 | |
15 total
bewwqqaszswe (
purple | 29 APM | 1507 actions | 51:05)
7 Mountain King
1 Thunder Clap
3 Storm Bolt
2 Bash
1 Avatar
5 Paladin
3 Holy Light
1 Devotion Aura
1 Divine Shield
» actions
| Basic commands | 1 | |
| Build / train | 76 | |
| Enter build submenu | 23 | |
| Enter hero's abilities submenu | 12 | |
| Give item / drop item | 1 | |
| Remove unit from queue | 2 | |
| Right click | 654 | |
| Select / deselect | 626 | |
| Use ability | 112 | |
1507 total
» units
» upgrades
| Gunpowder | 3 | |
| Armor | 2 | |
| Long Rifles | 1 | |
| Lumber Harvesting | 2 | |
| Masonry | 2 | |
10 total
» buildings
| Farm | 8 | |
| Blacksmith | 1 | |
| Altar of Kings | 1 | |
| Barracks | 2 | |
| Arcane Vault | 1 | |
| Lumber Mill | 1 | |
| Keep | 1 | |
| Castle | 1 | |
| Town Hall | 4 | |
| Scout Tower | 4 | |
| Guard Tower | 1 | |
25 total
» build order
01:39 Farm
01:42 Blacksmith
01:50 Altar of Kings
01:52 Barracks
02:00 Farm
02:06 Farm
02:45 Barracks
02:56 Farm
03:26 Arcane Vault
03:48 Farm
04:48 Farm
05:00 Lumber Mill
05:58 Farm
06:52 Keep
12:10 Castle
13:07 Town Hall
14:00 Scout Tower
14:01 Scout Tower
14:03 Scout Tower
14:07 Scout Tower
15:11 Guard Tower
15:26 Farm
17:54 Town Hall
22:38 Town Hall
26:53 Town Hall
» items
| Lesser Clarity Potion | 2 | |
| Scroll of Regeneration | 4 | |
| Scroll of Healing | 1 | |
| Potion of Lesser Invulnerability | 1 | |
| Potion of Healing | 2 | |
10 total
Chat log
(00:13 / All) Turion: gl hf my children
(00:47 / Allies) i-got-3-nippIes: wyverns bats here
(00:59 / Allies) Turion: O RLY
(01:01 / Allies) Turion: WITH 3 NIPPLES?
(01:04 / Allies) Turion: freak
(01:05 / Allies) i-got-3-nippIes: yes
(03:23 / Allies) i-got-3-nippIes: wood
(03:27 / Allies) Turion: cocks
(07:13 / Allies) i-got-3-nippIes: wood
(07:34 / Allies) Turion: RAPE
(09:15 / Allies) i-got-3-nippIes: my expo
(09:45 / Allies) Turion: red?
(09:47 / Allies) i-got-3-nippIes: my expo
(10:16 / Allies) Turion: GO GO
(11:26 / Allies) i-got-3-nippIes: my expo
(11:27 / Allies) i-got-3-nippIes: teal
(11:56 / Allies) Turion: GUYS
(12:12 / Allies) Turion: red is our 5th enemhy
(12:15 / Allies) i-got-3-nippIes: mpo
(12:18 / Allies) i-got-3-nippIes: its my expo
(12:42 / Allies) i-got-3-nippIes: let me have it
(12:43 / Allies) i-got-3-nippIes: teal
(12:44 / Allies) i-got-3-nippIes: or its mine
(14:00 / Allies) i-got-3-nippIes: give me resources
(14:02 / Allies) i-got-3-nippIes: or its mine
(15:20 / Allies) Turion: if you hadn't noticed
(15:24 / Allies) Turion: red is full time killing me
(15:45 / Allies) no_triple_jelly: no fiend
(15:50 / Allies) Turion: I have nothing
(15:55 / Allies) Turion: red won the game for them
(16:00 / Allies) i-got-3-nippIes: just leave
(16:01 / Allies) i-got-3-nippIes: teal
(16:03 / Allies) i-got-3-nippIes: u suck lawl
(16:10 / Allies) Turion: probably the only way he can '' win '' lol
(16:20 / All) bewwqqaszswe: you fukcing red piece of shit
(16:22 / Allies) i-got-3-nippIes: i have a high ell account u dont evne know what that means
(16:55 / All) Turion: how did my base get destroyed, right?
(16:57 / All) Turion: ask red
(17:07 / All) i-got-3-nippIes: teal if u stay watch me win it 1v4
(21:25 / Allies) i-got-3-nippIes: expo there
(22:42 / Allies) i-got-3-nippIes: ukk to'
(26:04 / Allies) i-got-3-nippIes: stay
(26:05 / Allies) i-got-3-nippIes: we got this
(26:13 / Allies) i-got-3-nippIes: stay
(26:53 / Allies) i-got-3-nippIes: needs to die
(27:02 / Allies) i-got-3-nippIes: nuke heros
(27:19 / Allies) i-got-3-nippIes: green expo
(27:20 / Allies) i-got-3-nippIes: green expo
(28:38 / All) Wrathful: super cool tk bro
(28:40 / Allies) i-got-3-nippIes: green base
(28:45 / All) Wrathful: I lost a wyvern you lost everything
(28:46 / Allies) no_triple_jelly: tower
(29:12 / Allies) i-got-3-nippIes: death and decay
(29:16 / All) Wrathful: listen to green's sad tale
(29:18 / All) Wrathful: say it in all
(30:35 / All) DeathTakesLast: pink is a worthless nigger
(30:44 / All) i-got-3-nippIes: u guys have no excuses
(30:46 / All) i-got-3-nippIes: i stabbed teal
(30:49 / All) i-got-3-nippIes: it was a 3v4
(30:55 / All) DeathTakesLast: pink did nothing
(30:57 / All) DeathTakesLast: it was 3v3
(31:02 / All) DeathTakesLast: and blue
(31:06 / All) DeathTakesLast: was like 6 minutes late
(31:15 / All) i-got-3-nippIes: its ur fault
(31:17 / All) i-got-3-nippIes: not mine
(31:21 / All) i-got-3-nippIes: like i said i tked teal
(31:22 / All) i-got-3-nippIes: i was on ur side
(31:24 / All) i-got-3-nippIes: u lost 5v3
(32:07 / All) DeathTakesLast: pink has 5,5k gold
(32:09 / All) DeathTakesLast: didnt give any
(32:10 / All) DeathTakesLast: to allies
(32:11 / All) i-got-3-nippIes: so wha tman
(32:12 / All) i-got-3-nippIes: I TOLD U
(32:13 / All) i-got-3-nippIes: U LOST
(32:15 / All) i-got-3-nippIes: UR FAULT
(32:19 / All) i-got-3-nippIes: i backstabbed teal
(32:21 / All) DeathTakesLast: nope
(32:22 / All) i-got-3-nippIes: DO U NOT UNDERSTAND THIS
(32:22 / All) DeathTakesLast: pinks fault
(32:31 / All) i-got-3-nippIes: i was on ur side
(32:34 / All) i-got-3-nippIes: u lost 5v3
(33:45 / All) Wrathful: he tried to kill my expo with orange's gliffs
(33:52 / All) Wrathful: what an inept tomfool
(33:54 / Allies) no_triple_jelly: we have to stick together
(34:29 / All) Wrathful: green was terrible
(34:34 / All) i-got-3-nippIes: yes he was
(34:40 / All) Wrathful: oh he left
(34:49 / Allies) no_triple_jelly: shit
(34:53 / All) Wrathful: no expansion for you son
(35:21 / Allies) no_triple_jelly: thanks
(38:26 / Allies) bewwqqaszswe: need gold for hero
(38:46 / Allies) no_triple_jelly: i send a peon and dead
(40:50 / All) bewwqqaszswe: red you senseless stupid piece of shit
(40:59 / All) Wrathful: lol
(41:05 / Allies) bewwqqaszswe: good luck loosing you morron
(41:10 / All) i-got-3-nippIes: lawl
(41:14 / All) i-got-3-nippIes: purple watch this
(41:45 / All) bewwqqaszswe: you shouldnt play the game better play with your self
(41:59 / All) bewwqqaszswe: pink get reds expo and get it over with
(42:02 / All) i-got-3-nippIes: u at like pink isnt doing wha tim doing
(42:15 / All) bewwqqaszswe: he has 8 towers thats it
(42:21 / All) i-got-3-nippIes: purple
(42:22 / All) Wrathful: It's too risky
(42:23 / All) i-got-3-nippIes: think about
(42:24 / All) i-got-3-nippIes: it
(42:28 / Allies) no_triple_jelly: i take that
(42:47 / Allies) no_triple_jelly: shit
(43:22 / All) Wrathful: Arkano
(43:28 / All) Wrathful: This is TreesHaveEyes
(43:32 / All) Wrathful: It's a pleasure to paly with you again
(43:36 / All) i-got-3-nippIes: gold for u purple and yellow
(43:54 / Allies) no_triple_jelly: pain to hav no mine
(44:20 / All) bewwqqaszswe: yeah it sucks especially when piece of shit red ruined the game
(44:29 / All) i-got-3-nippIes: how did i ruin it
(44:30 / Allies) no_triple_jelly: =(
(44:33 / All) i-got-3-nippIes: i got expo and towered it
(44:35 / All) i-got-3-nippIes: and gave u gold
(44:48 / All) bewwqqaszswe: good thing he is gonna loose it anyways because he is too stupid to win
(45:04 / Allies) no_triple_jelly: need to take out their expo
(45:06 / All) Wrathful: Au contraire, he is just stupid enough to neither win nor lose
(47:56 / All) i-got-3-nippIes: u suck pink im gonna rape u
(48:12 / Allies) no_triple_jelly: get dust
(48:34 / Allies) no_triple_jelly: or make doc
(48:39 / Allies) no_triple_jelly: put eye
(49:13 / All) Wrathful: Not smart to incur my wrath, and you had just revived him! TSK TSK
(49:36 / All) bewwqqaszswe: just shut up pink you suck too with your ridiculous bm
(49:48 / All) Wrathful: Oh, what's so ridiculous about it?
(50:01 / All) bewwqqaszswe: little shitter just being lucky because red sucks more than an elepahants fart
(50:15 / All) Wrathful: I don't think elephants suck at all
(50:20 / All) Wrathful: They blow though
(50:23 / All) Wrathful: Perhaps that's what you meant
(51:31 / All) Wrathful: Well, this will be my pleasure blue
(51:38 / All) Wrathful: To give you a second loss in as many games!
(51:54 / All) Wrathful: I wanted to tower all the chokes from the middle
(52:06 / All) Wrathful: Shame they decided they didn't want to play with us any longer
(53:17 / All) Wrathful: I never even realized that orange had so many moon wells
(53:20 / All) Wrathful: I have been using blue's
(55:56 / All) i-got-3-nippIes: back
(56:10 / All) Wrathful: Blue is the only one left
(56:36 / All) Wrathful: He used 3 of his buildings to kill your expo
(56:37 / All) i-got-3-nippIes: i suck more than an elephants fart
(56:41 / All) Wrathful: but they just got raped by my peons
(57:36 / All) i-got-3-nippIes: did blue get the loss last game
(57:42 / All) Wrathful: Yes he sure did
(57:48 / All) Wrathful: That's two losses for him now
(58:02 / All) i-got-3-nippIes: i want teal to lose dammit
(58:03 / All) i-got-3-nippIes: blue leave
(58:28 / All) Wrathful: He won't leave
(58:30 / All) Wrathful: he's stubborn
(58:40 / All) i-got-3-nippIes: did he talk at all
(58:48 / All) Wrathful: Yes
(59:14 / All) i-got-3-nippIes: i want to see ur chatlog so chang eur ip again if u have to
(59:27 / All) i-got-3-nippIes: my chat was ok i guess, yellow and purple didnt evne realize i killed teal
(59:30 / All) Wrathful: He said "give gold plz" and "wow pink"
(59:33 / All) i-got-3-nippIes: I HAD TO STAB teal cuz we would have lost
(59:35 / All) Wrathful: all words in separate messages
(59:35 / All) i-got-3-nippIes: ur team
(59:50 / All) Wrathful: I don't think so
(59:59 / All) Wrathful: I was working on two expos at the time I think
(60:04 / All) i-got-3-nippIes: i think my team was way stronger, before tha ti mean
(60:06 / All) i-got-3-nippIes: before the expos
(60:18 / All) Wrathful: Well the dks were healing each other
(60:21 / All) i-got-3-nippIes: teal was in the process of towering his expo if tha thappened i dont think we would have won
(60:35 / All) Wrathful: sure we would have
(60:41 / All) Wrathful: But it doesn't matter either way
(60:58 / All) i-got-3-nippIes: how long was blue afk
(60:59 / All) Wrathful: So
(61:02 / All) Wrathful: Who do you want to lose?
(61:13 / All) Wrathful: I don't think he is afk
(61:19 / All) i-got-3-nippIes: let me stats
(61:39 / All) i-got-3-nippIes: ur team
(61:41 / All) i-got-3-nippIes: i say
(61:48 / All) Wrathful: Teal is 15-8
(61:57 / All) i-got-3-nippIes: he just lost after this game
(62:02 / All) Wrathful: You want blue to lose? It would be my pleasure to give him two straight losses
(62:05 / All) Wrathful: heh
(62:07 / All) i-got-3-nippIes: yes blue loses
(62:08 / All) Wrathful: he's probably raging
(62:13 / All) i-got-3-nippIes: any last words blue